 Dungeon Crawl Stone Soup version 0.20-a0-513-g02c11fc (webtiles) character file.

686770 tsouns the Executioner (level 27, -16/237 HPs)
             Began as a Formicid Berserker on Jan 20, 2017.
             Was the Champion of the Shining One.
             Demolished by a stone giant (46 damage)
             ... created by the rage of Trog
             ... on level 1 of the Tomb of the Ancients on Jan 23, 2017.
             The game lasted 04:18:12 (58403 turns).

tsouns the Executioner (Formicid Berserker)        Turns: 58403, Time: 04:18:13

Health: -16/237    AC: 35    Str: 33 (34) XL:     27
Magic:  10/10      EV: 17    Int:  8      God:    the Shining One [******]
Gold:   5246       SH: 33    Dex: 16      Spells: 27/33 levels left

rFire    + + +     SeeInvis +   a - +9 executioner's axe (antimagic)
rCold    . . .     Gourm    .   s - +5 plate armour of the Zebra {rF++ MR+ Dex-4 Slay+2}
rNeg     + + +     Faith    .   b - +7 large shield {rF+}
rPois    .         Spirit   .   (helmet unavailable)
rElec    .         Reflect  .   d - +0 cloak of the Maze {rF+ Regen+}
rCorr    .         Harm     .   V - +2 pair of gloves
MR       +++++                  K - +2 pair of boots
Stlth    +.........             S - amulet of regeneration
Regen    1.3/turn               T - ring of the Little Devil {AC+4 Str+2 Dex+4}
                                p - ring "Asyh" {MR++ Dex+4 Slay+6 Stlth-}

@: glowing, studying Shields, repel missiles
A: permanent stasis, dig shafts and tunnels, four strong arms, antennae 3,
blurry vision 1, low mp 1, mutation resistance 1, sense surroundings 1,
screaming 1, no potion heal 1, MP-powered wands
}: 5/15 runes: decaying, serpentine, slimy, silver, abyssal
a: Dig, Shaft Self, Divine Shield, Cleansing Flame, Summon Divine Warrior, Brand
Weapon With Holy Wrath, Renounce Religion


You were on level 1 of the Tomb of the Ancients.
You worshipped the Shining One.
The Shining One was exalted by your worship.
You were not hungry.

You visited 12 branches of the dungeon, and saw 55 of its levels.
You visited the Abyss 1 time.
You visited 1 bazaar.
You also visited: Trove, Ice Cave, Volcano, Wizlab and Desolation.

You collected 7944 gold pieces.
You spent 2698 gold pieces at shops.

Inventory:

Hand Weapons
 a - a +9 antimagic executioner's axe (weapon)
 R - the +8 frozen axe "Frostbite" {freezing cloud, *Noise +Fly rC+}
   (Trog gifted it to you in an ice cave)

   It has been specially enchanted to freeze those struck by it, causing extra
   injury to most foes and up to half again as much damage against particularly
   susceptible opponents.
   It can also slow down cold-blooded creatures.
   It protects you from cold.
   It lets you fly.
   It may make noises in combat.
Missiles
 B - 22 javelins (quivered)
Armour
 b - a +7 large shield of fire resistance (worn)
 d - the +0 cloak of the Maze (worn) {rF+ Regen+}
   (You found it on level 2 of the Elven Halls)

   It protects you from fire.
   It increases your rate of regeneration.
 s - the +5 plate armour of the Zebra (worn) {rF++ MR+ Dex-4 Slay+2}
   (You bought it in a shop on level 2 of the Elven Halls)

   It affects your dexterity (-4).
   It affects your accuracy and damage with ranged weapons and melee attacks
   (+2).
   It greatly protects you from fire.
   It affects your resistance to hostile enchantments.
 K - a +2 pair of boots (worn)
 V - a +2 pair of gloves (worn)
Jewellery
 p - the ring "Asyh" (left hand) {MR++ Dex+4 Slay+6 Stlth-}
   (You found it in the Desolation of Salt)

   [ring of loudness]

   It affects your dexterity (+4).
   It affects your accuracy and damage with ranged weapons and melee attacks
   (+6).
   It affects your resistance to hostile enchantments.
   It makes you less stealthy.
 t - the ring of Nihilism {rElec rC+ rN+++ MR+ Str-2 Stlth+}
   (You took it off a vault warden on level 5 of the Vaults)

   [ring of protection from cold]

   It affects your strength (-2).
   It protects you from cold.
   It insulates you from electricity.
   It renders you almost immune to negative energy.
   It affects your resistance to hostile enchantments.
   It makes you more stealthy.
 P - an uncursed ring of resist corrosion
 S - an amulet of regeneration (around neck)
 T - the ring of the Little Devil (right hand) {AC+4 Str+2 Dex+4}
   (You found it in the Desolation of Salt)

   [ring of protection]

   It affects your AC (+4).
   It affects your strength (+2).
   It affects your dexterity (+4).
Wands
 k - a wand of acid (7/15)
 u - a wand of digging (14/24)
 L - a wand of paralysis (13/24)
 N - a wand of enslavement (19/24)
 Y - a wand of digging (9/24)
 Z - a wand of confusion (8/48)
Scrolls
 g - 8 scrolls of fear
 m - 19 scrolls of remove curse
 n - 2 scrolls of silence
 q - 10 scrolls of identify
 y - 3 scrolls of fog
 A - 3 scrolls of holy word
 D - 27 scrolls of recharging
 F - 15 scrolls of magic mapping
 J - 4 scrolls of summoning
Potions
 h - 22 potions of curing
 i - a potion of ambrosia
 j - 14 potions of flight
 l - 12 potions of heal wounds
 z - 5 potions of cure mutation
 G - 8 potions of lignification
 M - 4 potions of cancellation
 O - 6 potions of might
 Q - a potion of agility
 U - 2 potions of resistance
Books
 e - a manual of Shields
Miscellaneous
 f - a lamp of fire
 r - a fan of gales
 C - a lightning rod (4/4)
 E - a phial of floods
 H - 5 boxes of beasts
 I - 5 phantom mirrors
 X - 6 sacks of spiders
Comestibles
 c - 17 bread rations
 o - 42 fruits
 v - 17 meat rations


   Skills:
 + Level 23.8 Fighting
 - Level 26.1 Axes
 - Level 7.3 Throwing
 - Level 16.8 Armour
 - Level 13.4 Dodging
 - Level 15.8 Stealth
 + Level 22.6 Shields
 + Level 3.8 Spellcasting
 * Level 14.8 Invocations
 - Level 13.4 Evocations


You had 27 spell levels left.
You knew the following spells:

 Your Spells              Type           Power        Failure   Level  Hunger
a - Passwall              Tmut/Erth      #.........   99%         2    ###....
b - Repel Missiles        Chrm/Air       #.....       99%         2    ###....
c - Swiftness             Chrm/Air       #.......     99%         2    ###....


Dungeon Overview and Level Annotations

Branches:
Dungeon (15/15)            Temple (0/1) D:6            Lair (6/6) D:8
  Swamp (4/4) Lair:3        Snake (4/4) Lair:3        Slime (5/5) Lair:5
    Orc (2/2) D:9             Elf (3/3) Orc:2        Vaults (5/5) D:13
  Crypt (3/3) Vaults:3       Tomb (2/3) Crypt:3      Depths (5/5) D:15
   Hell (1/1)                 Zot (0/5) Depths:5
    Dis: Hell:1         Geh: Hell:1         Coc: Hell:1         Tar: Hell:1

Altars:
Ashenzari
Elyvilon
Fedhas
Gozag
Hepliaklqana
Kikubaaqudgha
Sif Muna
Trog
Vehumet
Xom
Yredelemnul
Zin
The Shining One
Beogh

Shops:
D:9 [   D:12 [%%   D:15 *   Orc:2 *:(?[(   Elf:1 }=}   Elf:2 [   Vaults:1 *
Vaults:3 :   Vaults:5 }   Depths:1 *}

Portals:
Hell: Depths:1 Depths:2 Depths:3 Depths:4 Depths:5
Abyss: Depths:3 Depths:4
Pandemonium: Depths:1 Depths:3
Ziggurat: Depths:3

Annotations:
D:1 Ijyb
Elf:2 5 runed doors
Hell Murray


Innate Abilities, Weirdness & Mutations

You cannot be hasted, slowed, berserked, paralysed or teleported.
You can dig through walls and to a lower floor.
Your four strong arms can wield two-handed weapons with a shield.
You have a pair of large antennae on your head. (SInv)
Scrolls take you a little longer to read.
Your magical capacity is low. (-10% MP)
You are somewhat resistant to further mutation.
You passively map a small area around you.
You occasionally shout uncontrollably at your foes.
Potions are less effective at restoring your health.
You expend magic power (3 MP) to strengthen your wands.


Message History

The stone giant is lightly wounded.
You open the stone giant like a pillowcase!!!
You slash the iron troll! You hit the stone giant.
You block the iron troll's attack. x3; The stone giant hits you!!
* * * LOW HITPOINT WARNING * * *
You block the stone giant's attack. x2
You slash the stone giant!
The stone giant is moderately wounded.
You slice the stone giant!!
You hit the iron troll but do no damage.
You hit the stone giant but do no damage.
You block the stone giant's attack. You block the iron troll's attack. x2
The iron troll claws you.
* * * LOW HITPOINT WARNING * * *
The stone giant closely misses you. The stone giant hits you!!
* * * LOW HITPOINT WARNING * * *
Unknown command.
Your system partially rejects the healing.
You feel much better. The stone giant hits you!!!
You die...

.................................
.....############################
.....# ** * * * * * * .....#* ,
,{ , {,,,, , .....#*,{{{{ ,{ ,
.....# ,,########################
.....# ,{#.......................
.....# {#..#######..............
.....#*,,#..##OT@##..............
.....#* #..#..CCC#..............
.....# { #..#..#..#..............
.....# , #..#.....#..............
.....#* ,#..##..^##....#######...
.....# #..###†###....##..^##...
.....# #.....†.......#..^..#...
....[# #.............#..#..'...
.....# #.............#^^...#...


You could see an iron troll (berserk), 3 stone giants and a two-headed ogre
(berserk).

Vanquished Creatures
  the Royal Jelly (Slime:5)
  A greater mummy (Tomb:1)
  5 ancient liches
  3 juggernauts
  Saint Roka (Vaults:2)
  Geryon (Hell)
  2 curse toes (Crypt:3)
  4 golden dragons
  A bone dragon (Abyss:2)
  10 liches
  A shard shrike zombie (Crypt:1)
  5 tentacled monstrosities (Vaults:5)
  A quicksilver dragon (Vaults:5)
  2 deep elf master archers (Elf:3)
  4 titans (Vaults:5)
  19 acid blobs
  2 deep elf blademasters (Elf:3)
  8 sphinxes
  5 tentacled starspawn
  9 ancient champions
  8 shadow dragons
  Kirke (Lair:5)
  11 tengu reavers
  A draconian monk (Depths:5)
  9 nagarajas
  7 storm dragons
  2 revenants (Tomb:1)
  A thorn hunter (Swamp:4)
  A fire giant (shapeshifter) (Vaults:5)
  Donald (Elf:3)
  The ghost of HEYYEYAAE the Bludgeoner, a journeyman TrBe of Trog (Swamp:4)
  2 iron dragons (Depths:4)
  7 azure jellies
  16 fire giants
  17 vault wardens
  A curse skull (Crypt:3)
  Louise (D:14)
  12 frost giants
  3 deep elf sorcerers
  2 imperial myrmidons (Desolation)
  A cacodemon (Abyss:2)
  An orc warlord (Orc:2)
  A ghoul (Vaults:2)
  A juggernaut zombie (Depths:1)
  7 deep elf elementalists
  A reaper (Hell)
  A draconian annihilator (Depths:5)
  A caustic shrike skeleton (Crypt:2)
  2 spriggan defenders
  22 ironheart preservers
  8 very ugly things
  26 stone giants
  2 entropy weavers (Vaults:2)
  3 war gargoyles (Vaults:5)
  11 vampire knights
  A green draconian (Depths:5)
  Nessos (Orc:2)
  9 deep elf demonologists
  4 lorocyprocas
  10 deep elf annihilators
  2 spark wasps
  A white draconian (Depths:5)
  2 halazid warlocks (Desolation)
  3 purple draconians (Depths:5)
  A yellow draconian (Depths:5)
  An eidolon (Crypt:2)
  A green death (Abyss:2)
  16 deep elf death magi
  19 ettins
  2 blizzard demons (Abyss:3)
  6 mummy priests (Tomb:1)
  7 fire dragons
  15 ogre magi
  The ghost of Potsanchik the Tainter, a journeyman FoVM of Vehumet (D:9)
  11 death oozes (Slime:5)
  2 crystal guardians (Desolation)
  An ettin (shapeshifter) (Depths:2)
  Josephine (D:15)
  A merfolk impaler (Abyss:3)
  22 great orbs of eyes
  6 jiangshi
  2 deep elf high priests (Elf:3)
  5 rakshasas
  36 vault guards
  12 yaktaur captains
  4 ragged hierophants (Desolation)
  18 hydras
  Fannar (Lair:1)
  18 naga warriors
  4 anacondas
  A hell beast (Depths:2)
  6 servants of whispers (Desolation)
  11 ice dragons
  A quicksilver dragon skeleton (Crypt:2)
  4 spriggan air magi
  9 peacekeepers
  5 ghost crabs
  12 centaur warriors
  27 two-headed ogres
  9 alligators
  5 death knights
  12 deep troll shamans
  9 deep troll earth magi
  16 dancing weapons
  5 death scarabs (Tomb:1)
  9 hell hogs
  4 death yaks
  9 tengu warriors
  5 vampire magi
  An orc high priest (Elf:1)
  3 sun demons
  11 thrashing horrors
  Sonja (Orc:2)
  16 naga sharpshooters
  A shock serpent (shapeshifter) (Depths:3)
  7 shock serpents
  19 large abominations
  13 deep elf knights
  2 spriggan berserkers
  13 hell knights
  4 soul eaters
  A titan skeleton (Tomb:1)
  70 skeletal warriors
  2 golden dragon zombies
  A sixfirhy (Abyss:2)
  9 wretched stars
  7 iron trolls
  A quicksilver dragon simulacrum (Crypt:2)
  5 shadow wraiths
  5 spatial maelstroms
  3 salamander mystics
  44 deep trolls
  7 wizards
  14 deep elf archers
  2 anaconda zombies
  6 flayed ghosts
  An unseen horror (shapeshifter) (Vaults:1)
  13 sea snakes (Snake:4)
  4 glowing orange brains
  A lindwurm (shapeshifter) (Abyss:2)
  A spriggan druid (Swamp:4)
  A shambling mangrove (Swamp:3)
  15 necromancers
  10 swamp dragons
  A shadow dragon zombie (D:15)
  20 ironbrand convokers
  2 frost giant zombies (Depths:2)
  11 orc knights
  6 phantasmal warriors
  An orb spider (shapeshifter) (Abyss:4)
  A tengu zombie (D:15)
  A sphinx zombie (Depths:1)
  4 worldbinders
  43 ugly things
  A wolf spider (shapeshifter) (Depths:5)
  A stone giant zombie (Crypt:1)
  A golden dragon skeleton (Crypt:1)
  21 salamanders
  A salamander (shapeshifter) (Vaults:1)
  2 oklob plants (Lair:6)
  2 iron dragon zombies
  A faun (shapeshifter) (Vaults:2)
  9 shining eyes
  4 wolf spiders
  61 deep elf magi
  9 mana vipers
  18 cyclopes
  An ice statue (IceCv)
  2 fire giant skeletons (Vaults:5)
  An apocalypse crab (Abyss:4)
  2 black mambas (shapeshifter)
  13 guardian serpents
  17 naga magi
  2 rust devils
  An eye of devastation (Depths:3)
  2 frost giant skeletons
  2 iron dragon skeletons
  16 vault sentinels
  An eye of devastation (shapeshifter) (Depths:4)
  10 elephants
  20 black mambas
  2 molten gargoyles
  A stone giant skeleton (Crypt:3)
  6 smoke demons
  A shock serpent skeleton (Hell)
  23 spiny frogs
  A catoblepas zombie (Crypt:1)
  2 hellions
  3 rime drakes
  A gargoyle (D:15)
  2 dire elephant skeletons
  3 centaur skeletons
  A kobold demonologist (D:15)
  5 spectral swamp worms (Depths:3)
  An emperor scorpion zombie (Crypt:2)
  7 komodo dragons
  An efreet (D:15)
  2 demonic crawlers
  10 freezing wraiths
  8 ice devils
  12 ancient zymes
  45 yaktaurs
  18 guardian mummies
  A meliai (shapeshifter) (Vaults:2)
  3 hellwings
  5 tengu conjurers
  A jumping spider (Vaults:2)
  A troll (shapeshifter) (Depths:4)
  A death drake skeleton (Crypt:1)
  A death drake zombie (Crypt:3)
  A harpy zombie (D:15)
  2 polar bears (shapeshifter)
  17 polar bears
  A queen bee (Lair:6)
  A merfolk (shapeshifter) (Depths:3)
  4 tyrant leeches
  2 queen bees (shapeshifter)
  2 human skeletons
  16 hornets
  13 trolls
  3 meliai (Lair:6)
  A tengu simulacrum (Vaults:2)
  A hydra skeleton (Crypt:3)
  8 bog bodies
  Prince Ribbit (D:7)
  A wolf spider simulacrum (Abyss:2)
  41 saltlings (Desolation)
  A blink frog (shapeshifter) (Vaults:1)
  A sphinx simulacrum (Depths:2)
  30 blink frogs
  A fire giant simulacrum (Depths:1)
  9 hippogriffs
  A shadow dragon simulacrum (Crypt:1)
  2 dream sheep (shapeshifter)
  13 raiju
  2 ettin zombies
  102 slime creatures
  A harpy skeleton (Crypt:1)
  An ice dragon zombie (Hell)
  An iron dragon simulacrum (Crypt:1)
  A frost giant simulacrum (Vaults:5)
  A hippogriff (shapeshifter) (Vaults:1)
  3 human simulacra
  A fire dragon zombie (Crypt:1)
  30 flying skulls
  A centaur simulacrum (D:14)
  5 redbacks
  A spriggan (shapeshifter) (D:14)
  Sigmund (D:4)
  A black mamba zombie (Tomb:1)
  4 spriggans
  An ice dragon skeleton (Crypt:1)
  9 wraiths
  9 air elementals
  5 water elementals
  6 shadows
  9 ynoxinuls
  A dire elephant simulacrum (Crypt:1)
  An ettin skeleton (Abyss:4)
  5 vampires
  7 wyverns
  38 yaks
  7 fire bats (Volcano)
  2 hungry ghosts
  A tyrant leech zombie (Crypt:1)
  4 fire elementals
  5 golden eyes
  A hog (shapeshifter) (Vaults:2)
  2 hogs (Lair:5)
  2 golden eyes (shapeshifter)
  2 basilisks
  2 elf skeletons
  5 neqoxecs
  7 spatial vortices
  9 wargs
  12 vampire mosquitoes
  6 chaos spawn
  59 nagas
  21 insubstantial wisps
  2 human zombies
  2 two-headed ogre zombies (WizLab)
  4 acid dragons
  21 swamp worms
  30 water moccasins
  Duvessa (D:6)
  7 hell hounds
  2 floating eyes
  A porcupine (Lair:1)
  11 swamp drakes
  Purgy (D:4)
  19 ice beasts
  44 orc warriors
  6 black bears
  2 ettin simulacra
  A phantom (D:11)
  A swamp dragon zombie (Crypt:2)
  9 eyes of draining
  A necrophage (D:11)
  A sky beast (D:7)
  8 boggarts
  12 wolves
  54 centaurs
  An ice dragon simulacrum (Depths:1)
  38 ogres
  A hog zombie (Crypt:3)
  A swamp dragon skeleton (Crypt:1)
  16 crocodiles
  A big kobold (D:6)
  A yaktaur zombie (Vaults:1)
  12 bullfrogs
  A glowing shapeshifter simulacrum (Vaults:2)
  Dowan (D:6)
  17 small abominations
  7 earth elementals
  4 wyvern skeletons
  A hornet simulacrum (D:14)
  A yaktaur skeleton (Crypt:2)
  2 scorpions
  32 killer bees
  12 troll zombies
  A water moccasin skeleton (Crypt:1)
  An elf simulacrum (Vaults:4)
  15 wights
  A troll skeleton (Swamp:2)
  3 howler monkeys
  An electric eel (D:11)
  12 crimson imps
  8 lava snakes
  2 bullfrog zombies
  6 centaur zombies
  7 quasits
  42 starcursed masses
  2 hounds
  3 jellies
  25 orc wizards
  10 orc priests
  A bullfrog skeleton (D:8)
  A demonspawn zombie (Crypt:2)
  2 iron imps
  7 hell rats (Hell)
  4 iguanas
  Natasha (twice) (D:4)
  6 lightning spires (Abyss:3)
  6 worker ants
  5 ogre zombies (WizLab)
  A felid zombie (Crypt:1)
  A tengu skeleton (Crypt:2)
  A big kobold skeleton (Crypt:3)
  A hound zombie (D:5)
  5 hound skeletons
  26 mummies
  2 worker ant zombies
  A howler monkey skeleton (D:6)
  3 gnolls (D:8)
  13 adders
  5 shadow imps
  5 white imps
  8 ufetubi
  3 oozes
  3 adder skeletons
  An iguana skeleton (Crypt:3)
  2 worms
  3 dart slugs
  6 leopard geckos
  107 orcs
  3 ball pythons
  10 giant cockroaches
  5 goblins
  7 hobgoblins
  8 quokkas
  A ball python skeleton (Crypt:3)
  9 bats
  6 frilled lizards
  A goblin skeleton (Crypt:2)
  33 kobolds
  An orc skeleton (Crypt:1)
  2 quokka zombies
  8 rats
  A rat zombie (Crypt:2)
  4 crawling corpses
  2 fungi (Lair:6)
  A lurking horror (Abyss:3)
  8 plants
  9 starspawn tentacles
  A withered plant (D:15)
2921 creatures vanquished.

Vanquished Creatures (collateral kills)
  3 hydras (Swamp:4)
  A naga warrior (Snake:4)
  2 naga sharpshooters (Snake:4)
  A spriggan druid (Swamp:4)
  A swamp dragon (Swamp:4)
  An ugly thing (D:8)
  2 guardian serpents (Snake:4)
  2 bog bodies (Swamp:4)
  A yak (D:8)
  4 nagas (Snake:4)
  2 swamp drakes (Swamp:4)
  2 orc warriors
  A necrophage (D:8)
  2 boggarts (Vaults:2)
  2 bullfrogs
  4 wights (D:6)
  A crimson imp (D:6)
  An orc priest (D:6)
  A worker ant (D:6)
  An adder (D:6)
  3 orcs
38 creatures vanquished.

Vanquished Creatures (others)
  Nikola (Vaults:3)
  A stone giant (Depths:5)
  2 yaktaur captains
  A rakshasa (Abyss:2)
  A hydra (Swamp:4)
  A centaur warrior (Depths:2)
  A dancing weapon (Elf:2)
  A death scarab (Tomb:2)
  2 naga sharpshooters (Snake:4)
  2 deep elf knights
  A swamp dragon (Swamp:2)
  An orc knight (Vaults:1)
  A deep elf archer (Elf:3)
  2 deep elf magi
  7 yaktaurs
  An ancient zyme (Abyss:2)
  A saltling (Desolation)
  A slime creature (Swamp:2)
  A human (Lair:5)
  A swamp drake (Swamp:4)
  2 centaurs (Vaults:2)
  An orc wizard (D:6)
  An orc (Vaults:2)
  30 fungi
  39 plants
  4 starspawn tentacles
  2 withered plants (D:15)
109 creatures vanquished.

Grand Total: 3068 creatures vanquished

Notes
Turn   | Place    | Note
-------+----------+-------------------------------------------
     0 | D:1      | tsouns the Formicid Berserker began the quest for the Orb.
     0 | D:1      | Reached XP level 1. HP: 18/18 MP: 1/1
    17 | D:1      | Reached XP level 2. HP: 21/24 MP: 2/2
   291 | D:1      | Reached XP level 3. HP: 24/30 MP: 3/3
   789 | D:2      | Reached ** piety under Trog
   811 | D:2      | Reached skill level 4 in Axes
   915 | D:2      | Reached XP level 4. HP: 37/37 MP: 4/4
  1098 | D:2      | Noticed Ijyb
  1421 | D:2      | Reached skill level 1 in Shields
  1899 | D:3      | Reached XP level 5. HP: 42/42 MP: 5/5
  2212 | D:3      | Reached *** piety under Trog
  2548 | D:3      | Reached skill level 5 in Axes
  2891 | D:4      | Reached XP level 6. HP: 44/48 MP: 6/6
  2977 | D:4      | Noticed Purgy
  3013 | D:4      | Killed Purgy
  3061 | D:4      | Noticed Sigmund
  3078 | D:4      | Reached XP level 7. HP: 37/53 MP: 7/7
  3208 | D:4      | You fall through a shaft!
  3208 | D:5      | Entered Level 5 of the Dungeon
  3303 | D:5      | Reached skill level 6 in Axes
  3340 | D:5      | Found a white marble altar of Elyvilon.
  3344 | D:5      | Found a radiant altar of Vehumet.
  3349 | D:5      | Found a glowing silver altar of Zin.
  3808 | D:4      | Noticed Natasha
  3815 | D:4      | Killed Natasha
  3910 | D:4      | Reached **** piety under Trog
  3983 | D:4      | Killed Sigmund
  3983 | D:4      | Reached XP level 8. HP: 60/60 MP: 8/8
  4114 | D:4      | Noticed Natasha
  4120 | D:4      | Killed Natasha
  4520 | D:6      | Reached skill level 7 in Axes
  4585 | D:6      | Reached skill level 5 in Armour
  4674 | D:6      | Reached skill level 5 in Shields
  4717 | D:6      | Reached skill level 8 in Axes
  4932 | D:6      | Found a staircase to the Ecumenical Temple.
  4941 | D:6      | Noticed Duvessa
  4949 | D:6      | Noticed Dowan
  4959 | D:6      | Killed Duvessa
  4959 | D:6      | Reached XP level 9. HP: 63/65 MP: 9/9
  4960 | D:6      | Killed Dowan
  5560 | D:6      | Found an opulent altar of Gozag.
  5982 | D:7      | Noticed Prince Ribbit
  6038 | D:7      | Killed Prince Ribbit
  6038 | D:7      | Reached skill level 9 in Axes
  6047 | D:7      | Reached skill level 5 in Fighting
  6346 | D:7      | Found a deep blue altar of Sif Muna.
  6614 | D:8      | Noticed a hornet
  6626 | D:8      | Killed a hornet
  6626 | D:8      | Reached XP level 10. HP: 65/74 MP: 10/10
  6641 | D:8      | Reached ***** piety under Trog
  6786 | D:8      | Reached skill level 10 in Axes
  6955 | D:8      | Found a staircase to the Lair.
  6960 | D:8      | Found a shimmering altar of Xom.
  6960 | D:8      | Found a shattered altar of Ashenzari.
  7042 | D:8      | Identified a scroll of acquirement
  7043 | D:8      | Got a jewelled quick blade
  7234 | D:8      | Noticed a six-headed hydra
  7274 | D:7      | Killed a six-headed hydra
  7609 | D:8      | Noticed a green ugly thing
  7624 | D:8      | Killed a green ugly thing
  7625 | D:8      | Noticed a red ugly thing
  7650 | D:8      | Killed a red ugly thing
  7650 | D:8      | Reached skill level 11 in Axes
  7677 | D:8      | Reached XP level 11. HP: 67/84 MP: 11/11
  7681 | D:8      | Noticed a centaur warrior
  7692 | D:8      | Killed a centaur warrior
  7821 | D:8      | Noticed a two-headed ogre
  7826 | D:8      | Killed a two-headed ogre
  8182 | D:8      | Identified the +10 quick blade of Untimely Demise {flame, rPois rF- rN++ MR+} (You acquired it on level 8 of the Dungeon)
  8202 | D:9      | Noticed Potsanchik's ghost (journeyman FoVM)
  8318 | D:9      | Gained mutation: You are somewhat resistant to further mutation. [potion of mutation]
  8318 | D:9      | Gained mutation: You expend magic power (3 MP) to strengthen your wands. [potion of mutation]
  8326 | D:9      | Found a blossoming altar of Fedhas.
  8447 | D:9      | Killed Potsanchik's ghost
  8701 | D:9      | Found a staircase to the Orcish Mines.
  8925 | D:9      | Reached skill level 12 in Axes
  8942 | D:9      | Found Ydureas's Armour Shop.
  8949 | D:9      | Bought a +2 cloak for 181 gold pieces
  9096 | D:10     | Entered Level 10 of the Dungeon
  9160 | Lair:1   | Entered Level 1 of the Lair of Beasts
  9215 | Lair:1   | Noticed Fannar
  9227 | Lair:1   | Killed Fannar
  9227 | Lair:1   | Received a gift from Trog
  9390 | Lair:1   | Reached skill level 10 in Shields
 10127 | Lair:2   | Reached XP level 12. HP: 92/94 MP: 12/12
 10431 | Lair:3   | Reached skill level 13 in Axes
 10500 | Lair:3   | Found a staircase to the Swamp.
 10758 | Lair:3   | Found a staircase to the Snake Pit.
 10811 | Lair:3   | Found a frozen archway.
 10852 | IceCv    | Entered an ice cave
 10890 | IceCv    | Reached skill level 10 in Fighting
 10897 | IceCv    | Received a gift from Trog
 11136 | IceCv    | Reached skill level 14 in Axes
 11342 | IceCv    | Reached XP level 13. HP: 96/103 MP: 13/13
 11424 | IceCv    | Noticed a frost giant
 11433 | IceCv    | Killed a frost giant
 11932 | Lair:3   | Gained mutation: You passively map a small area around you. [potion of beneficial mutation]
 12169 | Lair:4   | Reached skill level 15 in Axes
 12686 | Lair:4   | Received a gift from Trog
 13149 | Lair:5   | Noticed Kirke
 13157 | Lair:5   | Killed Kirke
 13262 | Lair:5   | Reached skill level 16 in Axes
 13338 | Lair:5   | Reached XP level 14. HP: 100/110 MP: 14/14
 13856 | Lair:5   | Found a staircase to the Slime Pits.
 14011 | Lair:6   | Entered Level 6 of the Lair of Beasts
 14355 | Lair:6   | Reached skill level 17 in Axes
 14400 | Lair:6   | Received a gift from Trog
 15163 | Lair:6   | Reached ****** piety under Trog
 15640 | Orc:1    | Entered Level 1 of the Orcish Mines
 15698 | Orc:1    | Found a bloodstained altar of Trog.
 15704 | Orc:1    | Reached XP level 15. HP: 107/115 MP: 13/15
 15733 | Orc:1    | Noticed a stone giant
 15745 | Orc:1    | Received a gift from Trog
 15745 | Orc:1    | Killed a stone giant
 15750 | Orc:1    | Reached skill level 18 in Axes
 16318 | Orc:2    | Entered Level 2 of the Orcish Mines
 16324 | Orc:2    | Noticed a stone giant
 16325 | Orc:2    | Found Ymoheq's Antique Weapon Shop.
 16327 | Orc:2    | Found Fiown's Antique Armour Boutique.
 16346 | Orc:2    | Killed a stone giant
 16384 | Orc:2    | Reached skill level 15 in Shields
 16413 | Orc:2    | Found a flickering gateway to a bazaar.
 16424 | Orc:2    | Noticed Sonja
 16425 | Bazaar   | Entered a bazaar
 16425 | Bazaar   | Found Bylier's Antique Armour Shop.
 16451 | Bazaar   | Found Ytruax Juda's Distillery.
 16459 | Bazaar   | Bought a potion of curing for 42 gold pieces
 16459 | Bazaar   | Bought a potion of heal wounds for 70 gold pieces
 16471 | Bazaar   | Found Jaaduc's Antique Weapon Shop.
 16764 | Orc:2    | Killed Sonja
 16810 | Orc:2    | Found a dark tunnel.
 16828 | Volcano  | Entered a volcano
 16953 | Volcano  | Found a burning altar of Makhleb.
 16977 | Volcano  | Found a burning altar of Makhleb.
 17076 | Orc:2    | Noticed Nessos
 17092 | Orc:2    | Killed Nessos
 17182 | Orc:2    | Noticed an orc warlord
 17183 | Orc:2    | Found Kantef's Magic Scroll Emporium.
 17185 | Orc:2    | Reached skill level 19 in Axes
 17214 | Orc:2    | Killed an orc warlord
 17307 | Orc:2    | Found a staircase to the Elven Halls.
 17308 | Orc:2    | Found a roughly hewn altar of Beogh.
 17323 | Orc:2    | Bought 3 scrolls of magic mapping for 178 gold pieces
 17323 | Orc:2    | Bought a scroll of identify for 34 gold pieces
 17334 | Orc:2    | Found Gavuk's Book Shop.
 17359 | Orc:2    | Bought a pair of embroidered gloves for 346 gold pieces
 17359 | Orc:2    | Bought a runed cloak for 346 gold pieces
 17485 | Orc:2    | Found Kiedgh's General Store.
 17501 | Orc:2    | Bought a potion of curing for 51 gold pieces
 17565 | Orc:2    | Found Safuggeg's Antique Weapon Shop.
 18097 | D:10     | Received a gift from Trog
 18279 | D:11     | Found a hazy altar of Hepliaklqana.
 18640 | D:11     | Reached skill level 1 in Evocations
 18963 | D:12     | Found Ymeydiewk's Food Emporium.
 18977 | D:12     | Reached XP level 16. HP: 109/123 MP: 15/17
 19042 | D:12     | Found Duzaujugh's Antique Armour Emporium.
 19058 | D:12     | Bought an ancient cloak for 256 gold pieces
 19068 | D:12     | Identified the cursed +0 cloak "Oskop" {Int+2 Stlth+} (You bought it in a shop on level 12 of the Dungeon)
 19159 | D:12     | Received a gift from Trog
 19724 | D:12     | Found Femaokk's Food Boutique.
 19895 | D:13     | Found a gate to the Vaults.
 20150 | D:13     | Received a gift from Trog
 20770 | D:14     | Noticed Louise
 20910 | D:14     | Found a portal to a secret trove of treasure.
 20975 | Trove    | Entered a treasure trove
 21116 | D:14     | Killed Louise
 21492 | D:15     | Entered Level 15 of the Dungeon
 21509 | D:15     | Reached * piety under Trog
 21778 | D:15     | Noticed Josephine
 21833 | D:15     | Found a staircase to the Depths.
 21846 | D:15     | Killed Josephine
 21846 | D:15     | Reached XP level 17. HP: 57/131 MP: 8/20
 21854 | D:15     | Reached skill level 5 in Evocations
 22208 | D:15     | Reached skill level 20 in Axes
 22303 | D:15     | Found Gacig's Blood Bar.
 22456 | D:15     | Reached skill level 5 in Dodging
 22850 | Swamp:1  | Entered Level 1 of the Swamp
 24126 | Swamp:2  | Reached skill level 10 in Armour
 25461 | Swamp:4  | Entered Level 4 of the Swamp
 25475 | Swamp:4  | Reached XP level 18. HP: 109/141 MP: 23/23
 25701 | Swamp:4  | Noticed HEYYEYAAE's ghost (journeyman TrBe)
 25721 | Swamp:4  | Killed HEYYEYAAE's ghost
 25801 | Swamp:4  | Received a gift from Trog
 26393 | Snake:1  | Entered Level 1 of the Snake Pit
 27720 | Snake:2  | Reached skill level 21 in Axes
 28930 | Snake:3  | Reached XP level 19. HP: 143/150 MP: 24/24
 29093 | Snake:3  | Received a gift from Trog
 29424 | Snake:4  | Entered Level 4 of the Snake Pit
 30356 | Snake:4  | Received a gift from Trog
 31591 | Swamp:4  | Got a decaying rune of Zot
 31832 | Vaults:1 | Entered Level 1 of the Vaults
 31856 | Vaults:1 | Reached skill level 22 in Axes
 32317 | Vaults:1 | Received a gift from Trog
 32327 | Vaults:1 | Reached XP level 20. HP: 36/160 MP: 25/25
 33262 | Vaults:1 | Found Losiho's Assorted Antiques.
 33269 | Vaults:1 | Bought a potion of invisibility for 272 gold pieces
 33269 | Vaults:1 | Bought a potion of might for 136 gold pieces
 33269 | Vaults:1 | Bought a knobbly jade ring for 170 gold pieces
 33773 | Vaults:1 | Received a gift from Trog
 33905 | Vaults:2 | Reached skill level 15 in Fighting
 34371 | Vaults:2 | Reached skill level 23 in Axes
 35176 | Vaults:2 | Received a gift from Trog
 35329 | Vaults:2 | Noticed Saint Roka
 35342 | Vaults:2 | Killed Saint Roka
 35342 | Vaults:2 | Reached XP level 21. HP: 104/170 MP: 26/26
 36104 | Vaults:3 | Received a gift from Trog
 36110 | Vaults:3 | Got a faintly glowing battleaxe {god gift}
 36111 | Vaults:3 | Identified the +2 battleaxe "Xery" {antimagic, Dex+2} (Trog gifted it to you on level 3 of the Vaults)
 36358 | Vaults:3 | Noticed Nikola
 36364 | Vaults:3 | Reached skill level 24 in Axes
 36371 | Vaults:3 | Killed Nikola
 36481 | Vaults:3 | Got a spiked shield
 36482 | Vaults:3 | Identified the cursed -7 shield of Love and Death {Int+4} (You found it on level 3 of the Vaults)
 36723 | Vaults:3 | Found Xotouf's Book Shop.
 36762 | Vaults:3 | Upgraded the game from 0.20-a0-502-g555d78b to 0.20-a0-507-gc86f373
 36877 | Vaults:3 | Found a staircase to the Crypt.
 36877 | Vaults:3 | Found a basalt altar of Yredelemnul.
 36878 | Vaults:3 | Found an ancient bone altar of Kikubaaqudgha.
 37299 | Vaults:4 | Received a gift from Trog
 37371 | Vaults:4 | Reached XP level 22. HP: 163/180 MP: 27/27
 37646 | Vaults:4 | Received a gift from Trog
 37759 | Vaults:4 | Reached skill level 25 in Axes
 38890 | Snake:4  | Got a serpentine rune of Zot
 39211 | D:8      | Received a gift from Trog
 39300 | Elf:1    | Entered Level 1 of the Elven Halls
 39403 | Elf:1    | Found a ruined gateway.
 39512 | Desolati | Entered the Desolation of Salt
 40038 | Desolati | Reached XP level 23. HP: 137/190 MP: 28/28
 40056 | Desolati | Got a scorched wooden ring
 40058 | Desolati | Identified the ring "Asyh" {MR++ Dex+4 Slay+6 Stlth-} (You found it in the Desolation of Salt)
 40071 | Desolati | Received a gift from Trog
 40239 | Desolati | Got a vibrating platinum ring
 40240 | Desolati | Identified the ring of the Lost Curses {-Tele *Corrode rPois rF+ Dex+6} (You found it in the Desolation of Salt)
 40293 | Desolati | Got a warped glass ring
 40294 | Desolati | Identified the ring of the Little Devil {AC+4 Str+2 Dex+4} (You found it in the Desolation of Salt)
 40411 | Elf:1    | Received a gift from Trog
 40419 | Elf:1    | Reached skill level 26 in Axes
 41065 | Elf:1    | Found Bairhe's Gadget Boutique.
 41065 | Elf:1    | Found Ytium's Jewellery Emporium.
 41066 | Elf:1    | Found Xeruuze's Gadget Boutique.
 41165 | Elf:2    | Reached skill level 1 in Stealth
 41240 | Elf:2    | Found Gedeunu's Antique Armour Boutique.
 41243 | Elf:2    | Bought a distressingly furry plate armour for 616 gold pieces
 41253 | Elf:2    | Identified the +5 plate armour of the Zebra {rF++ MR+ Dex-4 Slay+2} (You bought it in a shop on level 2 of the Elven Halls)
 41301 | Elf:2    | Got a faintly glowing cloak
 41312 | Elf:2    | Identified the cursed +0 cloak of the Maze {rF+ Regen+} (You found it on level 2 of the Elven Halls)
 41345 | Elf:2    | Found a huge runed gate.
 41345 | Elf:2    | Found a huge runed gate.
 41345 | Elf:2    | Found a huge runed gate.
 41345 | Elf:2    | Found a huge runed gate.
 41345 | Elf:2    | Found a huge runed gate.
 41473 | Elf:2    | Received a gift from Trog
 41724 | Elf:3    | Entered Level 3 of the Elven Halls
 41784 | Elf:3    | Noticed Donald
 41791 | Elf:3    | Killed Donald
 42168 | Elf:3    | Received a gift from Trog
 42822 | Elf:3    | Reached skill level 5 in Stealth
 42971 | Elf:3    | Reached XP level 24. HP: 199/199 MP: 29/29
 42993 | Elf:3    | Upgraded the game from 0.20-a0-507-gc86f373 to 0.20-a0-513-g02c11fc
 43004 | Elf:3    | Identified the Almanac of the Feathery Mountains
 43195 | Elf:3    | Received a gift from Trog
 43198 | Elf:3    | Got a blackened broad axe {god gift}
 43199 | Elf:3    | Identified the +3 broad axe of Frustration {protect, Str+3} (Trog gifted it to you on level 3 of the Elven Halls)
 43424 | Depths:1 | Entered Level 1 of the Depths
 43424 | Depths:1 | Found Gaugyiq's Gadget Shop.
 43668 | Depths:1 | Found a gateway to Hell.
 43690 | Depths:1 | Found a one-way gate leading to the halls of Pandemonium.
 43715 | Depths:1 | Found Ifayrruh's General Store.
 43942 | Depths:1 | Found a glowing golden altar of the Shining One.
 44030 | Depths:2 | Received a gift from Trog
 44144 | Depths:2 | Noticed a juggernaut
 44170 | Depths:2 | Killed a juggernaut
 44174 | Depths:2 | Reached skill level 10 in Dodging
 44427 | Depths:2 | Received a gift from Trog
 44634 | Depths:2 | You fall through a shaft for 2 floors!
 44660 | Depths:4 | Reached XP level 25. HP: 191/208 MP: 30/30
 44664 | Depths:4 | Noticed a juggernaut
 44670 | Depths:4 | Killed a juggernaut
 44686 | Depths:4 | Reached skill level 10 in Evocations
 44688 | Depths:4 | Found a one-way gate to the infinite horrors of the Abyss.
 44756 | Depths:4 | Noticed a juggernaut
 44766 | Depths:4 | Killed a juggernaut
 44774 | Depths:4 | Received a gift from Trog
 45099 | Depths:3 | Found a gateway to a ziggurat.
 45145 | Depths:3 | Found a large runed door.
 45145 | Depths:3 | Found a large runed door.
 45233 | Depths:3 | Identified the amulet of Nemewk {Spirit rC+} (You found it on level 3 of the Depths)
 45277 | Depths:3 | Received a gift from Trog
 45313 | Depths:3 | Reached skill level 10 in Stealth
 46074 | Depths:3 | Reached XP level 26. HP: 219/219 MP: 31/31
 46367 | Depths:2 | Received a gift from Trog
 46372 | Depths:2 | Identified the +9 battleaxe of Jelly's Bane {freeze, *Slow +Fly rPois rC+++} (Trog gifted it to you on level 2 of the Depths)
 47242 | Depths:4 | Reached skill level 15 in Armour
 47453 | Depths:5 | Entered Level 5 of the Depths
 47998 | Depths:5 | Found a gate to the Realm of Zot.
 48544 | Vaults:5 | Entered Level 5 of the Vaults
 48547 | Vaults:5 | Received a gift from Trog
 48559 | Vaults:5 | Reached XP level 27. HP: 57/228 MP: 31/31
 48634 | Vaults:5 | Identified the Compendium of Frigorific Translocation
 48676 | Vaults:5 | Received a gift from Trog
 48992 | Vaults:5 | Got a clouded bronze ring
 48994 | Vaults:5 | Identified the ring of Nihilism {rElec rC+ rN+++ MR+ Str-2 Stlth+} (You took it off a vault warden on level 5 of the Vaults)
 49102 | Vaults:5 | Received a gift from Trog
 49888 | Vaults:5 | Received a gift from Trog
 50040 | Vaults:5 | Got a silver rune of Zot
 50046 | Vaults:5 | Got a smoking plate armour
 50067 | Vaults:5 | Identified the cursed +0 plate armour of Essuptyc {rF+ Str+3 Int+4} (You found it on level 5 of the Vaults)
 50254 | Vaults:5 | Found Kayst's Gadget Shoppe.
 50261 | Vaults:5 | Got a transparent platinum ring
 50262 | Vaults:5 | Identified the ring "Maset" {Ice Int+2 Dex+3} (You found it on level 5 of the Vaults)
 50301 | Vaults:5 | Noticed an ancient lich
 50307 | Vaults:5 | Killed an ancient lich
 50327 | Vaults:5 | Reached skill level 1 in Throwing
 50669 | Slime:1  | Entered Level 1 of the Pits of Slime
 50815 | Slime:5  | Entered Level 5 of the Pits of Slime
 50845 | Slime:5  | Received a gift from Trog
 50851 | Slime:5  | Noticed the Royal Jelly
 51007 | Slime:5  | Gained mutation: You occasionally shout uncontrollably at your foes. [a shining eye]
 51036 | Slime:5  | Killed the Royal Jelly
 51073 | Slime:5  | Gained mutation: Potions are less effective at restoring your health. [a shining eye]
 51078 | Slime:5  | Gained mutation: Scrolls take you a little longer to read. [a shining eye]
 51196 | Slime:5  | Got a slimy rune of Zot
 51603 | Depths:3 | Voluntarily entered the Abyss.
 51609 | Abyss:1  | Found a corrupted altar of Lugonu.
 51981 | Abyss:2  | Received a gift from Trog
 52141 | Abyss:2  | Received a gift from Trog
 52457 | Abyss:3  | Got an abyssal rune of Zot
 52624 | Abyss:3  | Reached skill level 5 in Throwing
 52732 | Abyss:3  | Received a gift from Trog
 53213 | Abyss:4  | Reached skill level 15 in Stealth
 53225 | Abyss:4  | Received a gift from Trog
 53306 | Abyss:4  | Noticed an ancient lich
 53310 | Abyss:4  | Killed an ancient lich
 53418 | Abyss:4  | Received a gift from Trog
 53510 | Abyss:4  | Gained mutation: Your magical capacity is low. (-10% MP) [a neqoxec]
 53589 | Depths:3 | Escaped the Abyss
 53622 | Hell     | Entered the Vestibule of Hell
 53622 | Hell     | Noticed Geryon
 53627 | Hell     | Killed Geryon
 53659 | Hell     | Received a gift from Trog
 53692 | Hell     | Noticed Murray
 53948 | Depths:1 | Fell from the grace of Trog
 53948 | Depths:1 | Became a worshipper of the Shining One
 54003 | D:15     | Reached skill level 1 in Invocations
 54215 | Crypt:1  | Entered Level 1 of the Crypt
 54223 | Crypt:1  | Reached * piety under the Shining One
 54273 | Crypt:1  | Reached ** piety under the Shining One
 54332 | Crypt:1  | Reached skill level 5 in Invocations
 54383 | Crypt:1  | Reached *** piety under the Shining One
 54792 | Crypt:1  | Reached **** piety under the Shining One
 55147 | Crypt:2  | Found a magical portal.
 55158 | WizLab   | Entered Zonguldrok's Shrine
 55194 | WizLab   | Reached ***** piety under the Shining One
 55418 | WizLab   | Noticed an antique lich
 55424 | WizLab   | Killed an antique lich
 55424 | WizLab   | Reached skill level 10 in Invocations
 55456 | WizLab   | Learned a level 2 spell: Passwall
 55489 | WizLab   | Identified the Grimoire of the Frostbite and Necromancy
 55517 | WizLab   | Reached ****** piety under the Shining One
 56241 | Crypt:3  | Entered Level 3 of the Crypt
 56750 | Crypt:3  | Noticed an ancient lich
 56766 | Crypt:3  | Killed an ancient lich
 56768 | Crypt:3  | Noticed an ancient lich
 56790 | Crypt:3  | Killed an ancient lich
 56804 | Crypt:3  | Identified Sif Muna's Volume of Cold and Talismans
 56808 | Crypt:3  | Learned a level 2 spell: Repel Missiles
 56811 | Crypt:3  | Learned a level 2 spell: Swiftness
 56880 | Crypt:3  | Reached skill level 1 in Spellcasting
 56894 | Crypt:3  | Paralysed by Trog for 3 turns
 57024 | Crypt:3  | Found a staircase to the Tomb.
 57402 | Tomb:1   | Entered Level 1 of the Tomb of the Ancients
 57932 | Tomb:1   | Noticed a greater mummy
 57951 | Tomb:1   | Killed a greater mummy
 58332 | Tomb:2   | Noticed a greater mummy
 58332 | Tomb:2   | Noticed a greater mummy
 58332 | Tomb:2   | Noticed a greater mummy
 58332 | Tomb:2   | Noticed a greater mummy
 58403 | Tomb:1   | Demolished by a stone giant

Vault maps used:
D:1:      onia_arrival_handbag
D:2:      first_bread, uniq_iyjb
D:3:      minmay_statues_item
D:4:      uniq_sigmund, uniq_purgy, uniq_natasha
D:5:      minmay_overflow_temple_star_quad
D:6:      kennysheep_kobold_camp, basic_altar, uniq_duvessa
D:7:      led_sif_book, grunt_ogre_cave, grunt_ministairs_10,
          uniq_prince_ribbit1
D:8:      hangedman_cross_veins, gammafunk_temple_overflow_elements,
          lair_entry_dummy
D:9:      fedhas_altar_2, david_orc_2, serial_shops, shop
D:10:     kennysheep_generic_room_15
D:11:     basic_altar, serial_corexii_hall, corexii_hall_statues_u,
          corexii_hall_statues_x
D:12:     nrook_guardian_serpent_snake_passage, serial_shops, shop,
          nicolae_shop_trees, kennysheep_little_box, minmay_hedge_maze
D:13:     lightli_vaults_fourway_checkpoint
D:14:     nicolae_trove_entry_diagonal, nicolae_lava_and_water, serial_ice,
          serial_ice_a, serial_ice_e, serial_ice_b, serial_ice_k, serial_ice_n,
          serial_ice_h, hangedman_abyss_or_decor_slice, uniq_louise
D:15:     gammafunk_depths_entry_grave, guppyfry_shop_blood, uniq_josephine
Lair:1:   uniq_fannar
Lair:3:   swamp_mist, guppyfry_snake_entry_garden,
          portal_ice_cave_entry_ice_beasts, grunt_megastairs_5,
          lemuel_fruit_tree, serial_bayou_shore_b, infiniplex_staircase_pool_2
Lair:4:   beast_lair_carwin_7, grunt_megastairs_3
Lair:5:   dpeg_slime_entry_corner, uniq_kirke
Lair:6:   hangedman_lair_tendril_chambers, special_room,
          minmay_lair_oklob_chamber, lemuel_fruit_fields
Swamp:1:  hangedman_swamp_lotus
Swamp:2:  evilmike_swamp_ruin_house_3, cheibrodos_swamp_minitomb
Swamp:3:  serial_swamp_ruin, evilmike_swamp_ruin_house_4,
          evilmike_swamp_ruin_wall
Swamp:4:  swamp_alternative
Snake:2:  nicolae_snake_round_shape_thing, uniq_frances
Snake:4:  grunt_snake_rune_pools, spider_trap, grunt_ministairs_1,
          serial_bayou_shore_a
Orc:1:    bloody_trog
Orc:2:    grunt_orc_gardens, grunt_orc_garden, grunt_orc_garden,
          grunt_orc_garden, grunt_orc_garden, basic_altar,
          nicolae_volcano_entry_lava_flow, serial_shops, bzr_entry_water,
          nicolae_shop_behind_doors, shop, uniq_sonja, uniq_nessos
Elf:1:    minmay_elf_arrival_circle, portal_desolation_entry_twin_temple,
          minmay_elf_crystal_heptagon, minmay_shop_grove
Elf:2:    serial_shops, nicolae_shop_behind_doors, minivault_25_ag
Elf:3:    elf_hall_gauntlet_wide, uniq_donald
Vaults:1: nicolae_vaults_three_branches, v_misc_19,
          nicolae_vaults_little_squares_1, nicolae_vaults_network_periphery,
          hangedman_vaults_corner_blocks, v_misc_27,
          nicolae_vaults_diagonal_hallway_7, vaults_mumra_hex,
          nicolae_vaults_rhombus_7, v_misc_5, serial_shops, shop
Vaults:2: v_misc_23, v_rooms_2, nicolae_vaults_little_squares_4,
          vaults_mumra_hexcomb, hangedman_vaults_stagger,
          ontoclasm_vaults_loading_screen, nicolae_vaults_network_s,
          grunt_vaults_hallway_long, v_misc_33, v_pattern_5,
          hangedman_vaults_stretched_pinwheel, nicolae_vaults_rhombus_6,
          grunt_vaults_hallway_short, uniq_saint_roka
Vaults:3: v_pattern_3, v_misc_3, minmay_crypt_entry_necro_gods, v_rooms_6,
          vaults_mumra_minichess, grunt_vaults_funnel, hangedman_vaults_maws,
          v_alt_pattern_1, ontoclasm_vaults_fault,
          nicolae_vaults_little_squares_6, serial_shops, shop, uniq_nikola
Vaults:4: hangedman_vaults_river_flow, serial_ice_h, hangedman_vaults_locks,
          hangedman_vaults_pinch, v_rooms_3, nicolae_vaults_yaktaur_gun_rack
Vaults:5: serial_shops
Crypt:2:  mu_enter_wizlab_4, hex_medium, serial_sigils_hangedman_leer,
          hangedman_weighted_door
Crypt:3:  david_glass_crypt, nicolae_tomb_entry_grand_gallery
Depths:1: pan_entry, serial_shops, kennysheep_mini_moat,
          nicolae_shop_waterfront, hell_entry, tso_altar
Depths:2: grunt_deathspiral_large, serial_sigils_hangedman_snap,
          grunt_mini_vestibule, kennysheep_opposing_triangles,
          serial_bayou_shore_b
Depths:3: minmay_concentric_multi, enter_ziggurat_c, abyss_entry,
          pf_hell_entry_tar_river, pan_entry, hangedman_eye_storm
Depths:4: minmay_guarded_unrand_guard, abyss_entry, pf_coc_iceberg
Depths:5: grunt_zot_entry_alcove, minmay_strange_pillars, hangedman_geh_valley,
          lemuel_flame_loot_1, grunt_megastairs_2
Abyss:2:  abyss_exit_lava
Abyss:3:  dshaligram_kb_abyss_rune_zappy_water_cross
Bazaar:   bazaar_jpeg_cross
Trove:    trove_misc_throne_room
IceCv:    ice_cave_small_giant
Volcano:  volcano_grotto
WizLab:   wizlab_zonguldrok

Skill      XL: |  1  2  3  4  5  6  7  8  9 10 11 12 13 14 15 16 17 18 19 20 21 22 23 24 25 26 27 |
---------------+----------------------------------------------------------------------------------+-----
Axes           | 4 5 6 8 9 11 12 14 16 17 19 20 21 22 23 24 25 26 | 26.1
Shields        | 1 2 4 5 7 8 10 11 13 14 15 16 17 18 22 | 22.6
Armour         | 3 4 5 6 7 9 10 11 12 13 14 15 16 | 16.8
Fighting       | 4 5 7 8 10 11 12 13 14 15 16 18 19 20 21 23 | 23.8
Dodging        | 2 4 6 8 9 10 11 12 13 | 13.4
Evocations     | 1 4 7 8 9 10 11 13 | 13.4
Stealth        | 5 8 10 11 15 | 15.8
Throwing       | 7 |  7.3
Invocations    | 14 | 14.8
Spellcasting   | 3 |  3.8

Action                   |  1- 3 |  4- 6 |  7- 9 | 10-12 | 13-15 | 16-18 | 19-21 | 22-24 | 25-27 || total
-------------------------+-------+-------+-------+-------+-------+-------+-------+-------+-------++-------
Melee: Hand axe          |   127 |   293 |       |       |       |       |       |       |       ||   420
       War axe           |       |     6 |   155 |       |       |       |       |       |       ||   161
       Battleaxe         |       |       |   118 |   370 |       |       |       |       |       ||   488
       Quick blade       |       |       |       |    23 |       |       |       |       |       ||    23
       Executioner's axe |       |       |       |    31 |   690 |   998 |   965 |   956 |  2177 ||  5817
Throw: Throwing net      |       |       |     1 |       |       |       |       |       |       ||     1
 Cast: Repel Missiles    |       |       |       |       |       |       |       |       |     1 ||     1
Invok: Trog's Hand       |       |     3 |     1 |       |       |     1 |       |       |       ||     5
       Brothers in Arms  |       |       |     1 |     2 |       |     2 |     1 |       |       ||     6
       Burn Spellbooks   |       |       |     1 |       |       |     1 |       |     5 |     6 ||    13
 Abil: Shaft Self        |       |       |     1 |       |       |       |       |       |       ||     1
       Dig               |       |       |       |       |    10 |     5 |     4 |     4 |    16 ||    39
Evoke: Wand              |       |       |       |     6 |       |     1 |       |       |     5 ||    12
       Lamp of fire      |       |       |       |       |       |     1 |     1 |     1 |     1 ||     4
       Phial of floods   |       |       |       |       |       |       |     1 |       |       ||     1
  Use: Scroll            |       |    11 |    10 |    12 |     8 |    11 |     8 |    13 |    16 ||    89
       Potion            |       |     1 |     1 |     1 |     1 |     3 |     1 |     1 |    17 ||    26
 Stab: Invisible         |       |     1 |       |       |       |       |     3 |       |     6 ||    10
       Distracted        |       |       |       |       |       |     1 |     1 |     2 |     4 ||     8
       Sleeping          |       |       |       |       |       |       |       |       |     1 ||     1
  Eat: Chunk             |       |     9 |     8 |    14 |    10 |     4 |       |     1 |       ||    46
       Buggy             |       |       |     1 |       |     1 |     2 |     1 |       |       ||     5
       Bread ration      |       |       |     1 |       |       |     1 |     1 |     1 |     3 ||     7
       Buggy             |       |       |       |     1 |     8 |     1 |       |       |       ||    10
       Royal jelly       |       |       |       |       |     5 |    10 |     1 |     2 |     6 ||    24
       Meat ration       |       |       |       |       |       |     1 |     4 |     3 |     5 ||    13
Armor: Animal skin       |    10 |       |       |       |       |       |       |       |       ||    10
       Chain mail        |    34 |   145 |    95 |   146 |   212 |   305 |    79 |       |       ||  1016
       Plate armour      |       |       |       |       |       |       |    35 |   141 |   433 ||   609
Dodge: Dodged            |    54 |    31 |    49 |    86 |   146 |   286 |   205 |   178 |   389 ||  1424
Block: Large shield      |    28 |   236 |   256 |   434 |   527 |  1120 |   866 |   712 |  1860 ||  6039
       Shield            |       |       |       |       |   137 |       |       |       |       ||   137
       Reflection        |       |       |       |       |       |    34 |   110 |   119 |    63 ||   326
